 Dungeon Crawl Stone Soup version 0.18.1-48-g4cf74bf (webtiles) character file.

220 nikopol the Skirmisher (level 5, -2/47 HPs)
             Began as a Minotaur Berserker on Aug 29, 2016.
             Was a Believer of Trog.
             Slain by a goblin (5 damage)
             ... led by Robin
             ... on level 2 of the Dungeon.
             The game lasted 00:02:10 (1058 turns).

nikopol the Skirmisher (Minotaur Berserker)         Turns: 1058, Time: 00:02:10

Health: -2/47      AC:  2    Str: 22    XL:     5   Next: 64%
Magic:  4/4        EV: 13    Int:  4    God:    Trog [**....]
Gold:   10         SH:  3    Dex: 10    Spells: 0 memorised, 4 levels left

rFire  . . .     SeeInvis .     d - +0 hand axe (drain)
rCold  . . .     Gourm    .     b - +0 animal skin
rNeg   . . .     Faith    .     (no shield)
rPois  .         Spirit   .     (helmet restricted)
rElec  .         Dismiss  .     (no cloak)
rCorr  .         Reflect  +     (no gloves)
SustAt .         Harm     .     (no boots)
MR     .....                    k - +3 amulet of reflection
Stlth  +.........               (no ring)
                                (no ring)

@: exhausted, slowed, very slow, not resistant to hostile enchantments, very
unstealthy
A: retaliatory headbutt, horns 2
a: Berserk, Trog's Hand, Burn Spellbooks, Renounce Religion


You were on level 2 of the Dungeon.
You worshipped Trog.
Trog was pleased with you.
You were very hungry.

You visited 1 branch of the dungeon, and saw 2 of its levels.

You collected 10 gold pieces.

Inventory:

Hand Weapons
 a - a +0 hand axe
 d - a +0 hand axe of draining (weapon)
Missiles
 f - 23 arrows (quivered)
Armour
 b - a +0 animal skin (worn)
 e - a +0 chain mail
 n - a +0 scale mail
Jewellery
 k - a +3 amulet of reflection (around neck)
Scrolls
 h - 2 scrolls of fog {unknown}
 l - a scroll of magic mapping {unknown}
Potions
 g - a potion of berserk rage {unknown}
Comestibles
 c - a bread ration
 i - 3 chunks of flesh
 j - 3 fruits
 m - a meat ration


   Skills:
 + Level 4.9 Fighting
 + Level 4.8 Axes
 + Level 4.3 Armour
 + Level 3.6 Dodging


You had 4 spell levels left.
You didn't know any spells.

Dungeon Overview and Level Annotations

Branches:
Dungeon (2/15)

Altars:

Annotations:
D:2 Robin


Innate Abilities, Weirdness & Mutations

You reflexively headbutt those who attack you in melee.
You have a pair of horns on your head.


Message History

Robin throws the goblin at you! The hobgoblin hits you with a club.
You barely miss the goblin. You completely miss the goblin.
You closely miss the hobgoblin. You hit the goblin.
The goblin is heavily wounded.
The goblin hits you.
* * * LOW HITPOINT WARNING * * *
The goblin closely misses you.
Robin hits you from afar with a trident!
* * * LOW HITPOINT WARNING * * *
The goblin closely misses you. You furiously retaliate!
You headbutt the goblin!
You kill the goblin!
Trog accepts your kill. The hobgoblin misses you. You furiously retaliate!
You headbutt the hobgoblin!
You kill the hobgoblin!
Trog accepts your kill. The goblin hits you.
* * * LOW HITPOINT WARNING * * *
The goblin hits you.
You die...

.............#.# #
.......#.....#.# #
.......#.....#.# #
......#.....#.# #
......#<....#.# #
##..#.#.....#.######
#...#.).....#.......
########.gg†#...###########
.........)@.+...'.>........
#########......g.#...##.########
.............g...#...##.#
...............^.#...##.#
..........######.....##.#
..........# ##....##.#
........).# #.#####.#
......!.†.# #+# #.# ......)...#
#.#


You could see Robin and 3 goblins.

Vanquished Creatures
  Sigmund (D:2)
  Terence (D:2)
  An adder (D:2)
  A giant gecko (D:2)
  5 bats
  8 goblins
  3 hobgoblins
  2 kobolds (D:1)
  2 giant newts
  2 rats
26 creatures vanquished.

Notes
Turn   | Place    | Note
--------------------------------------------------------------
     0 | D:1      | nikopol the Minotaur Berserker began the quest for the Orb.
     0 | D:1      | Reached XP level 1. HP: 19/19 MP: 0/0
   340 | D:1      | Reached XP level 2. HP: 27/27 MP: 1/1
   942 | D:2      | Noticed Sigmund
   953 | D:2      | Killed Sigmund
   953 | D:2      | Reached XP level 3. HP: 35/35 MP: 2/2
   953 | D:2      | Reached XP level 4. HP: 41/41 MP: 3/3
   953 | D:2      | Reached XP level 5. HP: 47/47 MP: 4/4
  1034 | D:2      | Noticed Terence
  1039 | D:2      | Killed Terence
  1045 | D:2      | Noticed Robin
  1046 | D:2      | Reached ** piety under Trog
  1058 | D:2      | Slain by a goblin

Skill      XL: |  1  2 |
---------------+-------+-----
Armour         | 4 |  4.3
Fighting       | 4 |  4.9
Axes           | 4 |  4.8
Dodging        | 3 |  3.6

Action                   |  1- 3 |  4- 6 || total
-------------------------+-------+-------++-------
Melee: Hand axe          |    33 |     7 ||    40
       Headbutt          |     4 |     2 ||     6
Invok: Berserk           |     1 |     1 ||     2
  Eat: Chunk             |       |     1 ||     1
Armor: Animal skin       |     9 |     4 ||    13
Dodge: Dodged            |    14 |    13 ||    27
Block: Other             |     1 |     3 ||     4
